 Dungeon Crawl Stone Soup version 0.17-a0-1115-g0372368 (console) character file.

66 Monkaria the Skirmisher (level 3, -1/33 HPs)
             Began as a Demonspawn Chaos Knight on May 23, 2015.
             Slain by a giant frog (4 damage)
             ... on level 3 of the Dungeon.
             The game lasted 00:01:53 (1082 turns).

Monkaria the Skirmisher (Demonspawn Chaos Knight)   Turns: 1082, Time: 00:01:53

Health: -1/33      AC:  7    Str: 17 (18) XL:     3   Next: 96%
Magic:  3/3        EV: 16    Int: 15 (18) God:    Xom [..*...]
Gold:   54         SH:  0    Dex: 19      Spells: 0 memorised, 2 levels left

rFire  . . .     SeeInvis .     a - +0 falchion (chaos)
rCold  . . .     Clarity  .     b - +2 leather armour
rNeg   . . .     SustAt   .     (no shield)
rPois  +         Gourm    .     p - +0 helmet
rElec  .         Spirit   .     (no cloak)
rCorr  .         Warding  .     (no gloves)
rMut   .         Stasis   .     (no boots)
MR     .....                    (no amulet)
Stlth  ++........               (no ring)
                                m - ring of poison resistance

@: mighty, brilliant, agile, not resistant to hostile enchantments, unstealthy
A: claws 2, molten scales 1, agile 1, deterioration 1, robust 1
a: Renounce Religion


You were on level 3 of the Dungeon.
You worshipped Xom.
You were a toy of Xom.
You were hungry.

You visited 1 branch of the dungeon, and saw 3 of its levels.

You collected 54 gold pieces.

Inventory:

Hand weapons
 a - a +0 falchion of chaos (weapon)
Armour
 b - a +2 leather armour (worn)
 p - a +0 helmet (worn)
Jewellery
 m - a ring of poison resistance (left claw)
Magical devices
 q - a wand of digging (13)
Scrolls
 g - a scroll of identify {unknown}
 h - 3 scrolls of teleportation {unknown}
 j - 2 scrolls of amnesia {unknown}
 k - a scroll of noise {unknown}
 r - a scroll of immolation {unknown}
Potions
 n - a potion of poison
Comestibles
 c - 2 bread rations
 o - a beef jerky
 s - a chunk of flesh


   Skills:
 - Level 4.0 Fighting
 - Level 3.2 Long Blades
 - Level 1.7 Armour
 - Level 0.8 Dodging
 + Level 1.5 Unarmed Combat


You had 2 spell levels left.
You didn't know any spells.

Dungeon Overview and Level Annotations

Branches:
Dungeon (3/15)

Altars:
Xom


Innate Abilities, Weirdness & Mutations

You have very sharp fingernails.
You are partially covered in molten scales (AC +1).
You are agile. (Dex +2)
Your body sometimes deteriorates upon taking damage.
You are robust (+10% HP).


Message History

The orc wizard mumbles some strange words.
The orc wizard flickers and vanishes!
Deactivating autopickup; reactivate with Ctrl-A.
Drink which item? (? for menu, Esc to quit)
It was a potion of mutation.
You feel extremely strange.
You feel robust.
Your fingernails sharpen.
You feel agile.
Xom roars with laughter!
The giant frog hits you but does no damage.
The giant frog hits you.
* * * LOW HITPOINT WARNING * * *
Drink which item? (? for menu, Esc to quit)
It was a potion of agility.
You feel agile all of a sudden. The giant frog completely misses you.
Drink which item? (? for menu, Esc to quit)
It was a potion of brilliance.
You feel clever all of a sudden. The giant frog hits you.
You die...
Xom giggles madly!

.# # ... .#. ..
# .# #.###.#
#...(.# #.# #@#
#F#
#...g{......
............###
####.##.#####
#. #.# # #.#
#.# ..#


You could see a giant frog and a goblin.

Vanquished Creatures
  Robin (D:2)
  2 adders
  4 orcs (D:3)
  A ball python (D:1)
  3 hobgoblins
  A jackal (D:1)
  5 bats
  A giant cockroach (D:1)
  A giant gecko (D:1)
  A giant newt (D:1)
  10 goblins
  A kobold (D:1)
  9 rats
40 creatures vanquished.

Vanquished Creatures (collateral kills)
  A jackal (D:1)
1 creature vanquished.

Grand Total: 41 creatures vanquished

Notes
Turn   | Place    | Note
--------------------------------------------------------------
     0 | D:1      | Monkaria the Demonspawn Chaos Knight began the quest for the Orb.
     0 | D:1      | Reached XP level 1. HP: 18/18 MP: 1/1
    27 | D:1      | XOM: harmless Divn miscast
    74 | D:1      | Gained mutation: You are partially covered in molten scales (AC +1). [demonic ancestry]
    74 | D:1      | Reached XP level 2. HP: 18/24 MP: 2/2
   412 | D:1      | Reached skill level 4 in Fighting
   518 | D:1      | XOM: harmless Pois miscast
   700 | D:2      | Noticed Robin
   703 | D:2      | Gained mutation: You have sharp fingernails. [demonic ancestry]
   703 | D:2      | Reached XP level 3. HP: 21/30 MP: 3/3
   708 | D:2      | Killed Robin
   761 | D:2      | XOM: scenery: create altars
  1014 | D:2      | XOM: medium Summ miscast
  1015 | D:2      | Noticed a neqoxec
  1022 | D:2      | Gained mutation: Your body sometimes deteriorates upon taking damage. [a neqoxec]
  1050 | D:3      | XOM: noise
  1053 | D:3      | Reached skill level 1 in Unarmed Combat
  1071 | D:3      | Noticed a giant frog
  1077 | D:3      | XOM: noise
  1080 | D:3      | Gained mutation: You are robust (+10% HP). [potion of mutation]
  1080 | D:3      | Gained mutation: You have very sharp fingernails. [potion of mutation]
  1080 | D:3      | Gained mutation: You are agile. (Dex +2) [potion of mutation]
  1082 | D:3      | Slain by a giant frog

Vault maps used:
D:1:      onia_arrival_handbag
D:2:      first_bread, minmay_misc_feat_columns, okawaru_metal_pillars_1_2,
          uniq_robin

Action                   || total
-------------------------++-------
Melee: Falchion          ||   126
  Use: Potion            ||     7
 Stab: Distracted        ||     1
